 Dungeon Crawl Stone Soup version 0.18.1-6-gd335043 (webtiles) character file.

252 Ijustatesigmund the Chopper (level 5, 0/49 HPs)
             Began as a Minotaur Fighter on May 19, 2016.
             Succumbed to a water moccasin's poison
             ... on level 4 of the Dungeon.
             The game lasted 00:08:05 (2360 turns).

Ijustatesigmund the Chopper (Minotaur Fighter)      Turns: 2360, Time: 00:08:06

Health: 0/49       AC:  8    Str: 28    XL:     5   Next: 89%
Magic:  4/4        EV: 13    Int:  8    God:
Gold:   157        SH: 10    Dex: 15    Spells: 0 memorised, 4 levels left

rFire  . . .     SeeInvis .     a - +2 war axe
rCold  . . .     Gourm    .     n - +0 ring mail (curse)
rNeg   . . .     Faith    .     c - +0 shield
rPois  .         Spirit   .     (helmet restricted)
rElec  .         Dismiss  .     (no cloak)
rCorr  .         Reflect  .     (no gloves)
SustAt .         Harm     .     b - +0 pair of boots
MR     .....                    (no amulet)
Stlth  ++........               s - ring of wizardry
                                e - +3 ring of intelligence

@: mighty, agile, lethally poisoned (0 -> -1), not resistant to hostile
enchantments, unstealthy
A: retaliatory headbutt, horns 2, rugged brown scales 1, high mp 1, strong 1
a: no special abilities


You were on level 4 of the Dungeon.
You were not hungry.

You visited 1 branch of the dungeon, and saw 4 of its levels.

You collected 157 gold pieces.

Inventory:

Hand Weapons
 a - a +2 war axe (weapon)
Armour
 b - a +0 pair of boots (worn)
 c - a +0 shield (worn)
 m - a +0 plate armour
 n - a cursed +0 ring mail (worn)
Jewellery
 e - a +3 ring of intelligence (left hand)
 s - a ring of wizardry (right hand)
Scrolls
 i - a scroll of immolation
 p - a scroll of identify
Potions
 d - a potion of might
 g - 2 potions of cure mutation
 o - a potion of haste
Comestibles
 f - 4 bread rations
 r - a royal jelly


   Skills:
 + Level 5.2 Fighting
 * Level 6.1 Axes
 + Level 4.2 Armour
 - Level 3.6 Shields


You had 4 spell levels left.
You didn't know any spells.

Dungeon Overview and Level Annotations

Branches:
Dungeon (4/15)
 Temple: D:4-7

Altars:
Gozag
Makhleb
Xom


Innate Abilities, Weirdness & Mutations

You reflexively headbutt those who attack you in melee.
You have a pair of horns on your head.
You are partially covered in rugged brown scales (AC +1, +3% HP).
You have an increased reservoir of magic (+10% MP).
Your muscles are strong. (Str +2)


Message History

You feel sick.
You feel sick.
You feel sick.
You feel sick.
Your transformation is almost over.
You feel sick.
You feel sick.
You feel sick.
You feel less woody.
Your +0 pair of boots unmelds from your body.
Your cursed +0 ring mail unmelds from your body.
Drink which item? (? for menu, Esc to quit)
Okay, then.
* * * LOW HITPOINT WARNING * * *
You feel sick.
Drink which item? (? for menu, Esc to quit)
You feel very mighty all of a sudden.
* * * LOW HITPOINT WARNING * * *
You feel sick.
You die...

.#######..#####.##.####
..........# #.##....#
###.......# #.......#
#.####..# #..#....# #
#..#####..#.#.##
#.........#.#.#
#..######.#.#.#
#...........#.#
#@#######.### #.# #.#
#.# ... ... #...# ##.##
..#


There were no monsters in sight!

Vanquished Creatures
  A water moccasin (D:4)
  An orc priest (D:3)
  2 adders
  2 oozes
  4 worms
  A dart slug (D:1)
  2 giant geckos
  9 orcs (D:3)
  9 bats
  A giant cockroach (D:3)
  5 goblins
  8 hobgoblins
  3 jackals (D:3)
  A quokka (D:2)
  4 giant newts
  6 kobolds
  9 rats
68 creatures vanquished.

Notes
Turn   | Place    | Note
--------------------------------------------------------------
     0 | D:1      | Ijustatesigmund the Minotaur Fighter began the quest for the Orb.
     0 | D:1      | Reached XP level 1. HP: 19/19 MP: 0/0
    94 | D:1      | Reached skill level 3 in Axes
   110 | D:1      | Reached XP level 2. HP: 27/27 MP: 1/1
   480 | D:2      | Found a shimmering altar of Xom.
   625 | D:2      | Reached XP level 3. HP: 33/33 MP: 2/2
   795 | D:2      | Reached skill level 4 in Axes
  1034 | D:2      | Found a burning altar of Makhleb.
  1235 | D:2      | You fall through a shaft for 2 floors!
  1596 | D:3      | Found an opulent altar of Gozag.
  1654 | D:3      | Reached XP level 4. HP: 30/41 MP: 3/3
  1661 | D:3      | Reached skill level 5 in Axes
  1952 | D:3      | Gained mutation: You have an increased reservoir of magic (+10% MP). [potion of mutation]
  1952 | D:3      | Gained mutation: You are partially covered in rugged brown scales (AC +1, +3% HP). [potion of mutation]
  1952 | D:3      | Gained mutation: Your muscles are strong. (Str +2) [potion of mutation]
  2209 | D:3      | Reached XP level 5. HP: 48/48 MP: 4/4
  2319 | D:4      | Noticed a water moccasin
  2336 | D:4      | Killed a water moccasin
  2336 | D:4      | Reached skill level 5 in Fighting
  2336 | D:4      | Reached skill level 6 in Axes
  2344 | D:4      | HP: 3/73 [poisoned by a water moccasin]
  2349 | D:4      | HP: 3/73 [poisoned by a water moccasin]
  2352 | D:4      | HP: 1/49 [poisoned by a water moccasin]
  2360 | D:4      | Succumbed to a water moccasin's poison

Skill      XL: |  1  2  3  4  5 |
---------------+----------------+-----
Axes           | 3 4 5 6 |  6.1
Fighting       | 4 5 |  5.2
Armour         | 4 |  4.2
Shields        | |  3.6

Action                   |  1- 3 |  4- 6 || total
-------------------------+-------+-------++-------
Melee: War axe           |    98 |    59 ||   157
       Headbutt          |    17 |     8 ||    25
  Use: Scroll            |    10 |     1 ||    11
       Potion            |       |     4 ||     4
  Eat: Chunk             |     2 |     3 ||     5
Armor: Scale mail        |     6 |       ||     6
       Chain mail        |    15 |       ||    15
       Plate armour      |     5 |       ||     5
       Ring mail         |    16 |    11 ||    27
       Skin              |       |     5 ||     5
Dodge: Dodged            |    24 |    15 ||    39
Block: Shield            |    53 |    28 ||    81
